 Dungeon Crawl Stone Soup version 0.27.1-33-g824d729ab1 (webtiles) character file.

Game seed: 11008744362152399174

91 Karpo the Digger (level 4, -5/36 HPs)
             Began as a Gargoyle Earth Elementalist on Dec 30, 2021.
             Killed by divine providence
             ... invoked by an orc priest
              (12 damage)
             ... on level 4 of the Dungeon.
             The game lasted 00:04:36 (2271 turns).

Karpo the Digger (Gargoyle Earth Elementalist)      Turns: 2271, Time: 00:04:36

Health: -5/36      AC:  9    Str: 11    XL:     4   Next: 59%
Magic:  4/8        EV: 11    Int: 17    God:
Gold:   107        SH:  0    Dex: 10    Spells: 5/9 levels left

rFire    . . .     SeeInvis .   f - +0 spear
rCold    . . .     Faith    .   (no shield)
rNeg     + . .     Spirit   .   b - +0 robe
rPois    ∞         Reflect  .   (no helmet)
rElec    +         Harm     .   (no cloak)
rCorr    .         Rampage  .   (no gloves)
Will     .....                  (no boots)
Stlth    ..........             (no amulet)
HPRegen  0.12/turn              a - +4 ring of protection
MPRegen  0.11/turn              (no ring)

@: berserking, very quick
A: sickness immunity, AC +3, negative energy resistance 1, electricity
resistance, torment resistance 1, petrification resistance
a: no special abilities


You were on level 4 of the Dungeon.
You visited 1 branch of the dungeon, and saw 5 of its levels.

You collected 107 gold pieces.

Inventory:

Hand Weapons
 d - a +0 dagger
 f - a +0 spear (weapon)
 j - a +0 rapier
Missiles
 c - 84 stones
Armour
 b - a +0 robe (worn)
 g - a +0 troll leather armour
Jewellery
 a - a +4 ring of protection (left hand)
Scrolls
 e - 2 scrolls of enchant weapon {unknown}
 i - a scroll of identify {unknown}
 k - a scroll of blinking {unknown}
 l - a scroll of teleportation {unknown}
Potions
 m - a potion of cancellation {unknown}
 n - a potion of heal wounds {unknown}
 o - a potion of attraction {unknown}


   Skills:
 - Level 1.5 Dodging
 - Level 2.1 Stealth
 + Level 3.2 Spellcasting
 + Level 0.8 Conjurations
 - Level 0.7 Transmutations
 + Level 5.0 Earth Magic


You had 5 spell levels left.
You knew the following spells:

 Your Spells              Type           Power      Damage    Failure   Level
a - Sandblast             Erth           38%        2d10      2%          1
b - Stone Arrow           Conj/Erth      24%        3d8       16%         3

Your spell library contained the following spells:

 Spells                   Type           Power      Damage    Failure   Level
 Passwall                 Tmut/Erth      10%        N/A       8%          2
 Petrify                  Tmut/Erth      12%        N/A       45%         4


Dungeon Overview and Level Annotations

Branches:
Dungeon (5/15)
 Temple: D:4-7

Altars:
Elyvilon
Qazlal

Annotations:
D:5 Dowan, Duvessa


Innate Abilities, Weirdness & Mutations

You are immune to sickness and miasma.
Your stone body is resilient. (AC +3)
You are immune to poison.
You resist negative energy. (rN+)
You are resistant to electric shocks. (rElec)
You are resistant to unholy torment.
You are immune to petrification.


Message History

The orc priest mumbles some strange prayers to Beogh against you.
Beogh smites you!
An iguana comes into view.
The orc wizard points at you and mumbles some strange words.
The puff of flame hits you.
Casting: Sandblast (safe; 2% risk of failure)
Confirm with . or Enter, or press ? or * to list all spells.
Aiming: Sandblast (safe; 2% risk of failure)
Press: ? - help, Shift-Dir - straight line, f - orc wizard
Aim: an orc wizard, wielding a +0 dagger and wearing a +0 robe (74% to hit)
The blast of sand hits the orc wizard.
The orc wizard is lightly wounded.
Casting: Sandblast (safe; 2% risk of failure)
Confirm with . or Enter, or press ? or * to list all spells.
Aiming: Sandblast (safe; 2% risk of failure)
Press: ? - help, Shift-Dir - straight line, f/p - orc wizard
Aim: an orc wizard, wielding a +0 dagger and wearing a +0 robe (lightly wounded, 74% to hit)
The blast of sand hits the orc wizard!
The orc wizard is severely wounded.
The orc wizard casts a spell at you. The magic dart hits you.
* * * LOW HITPOINT WARNING * * *
Casting: Sandblast (safe; 2% risk of failure)
Confirm with . or Enter, or press ? or * to list all spells.
Aiming: Sandblast (safe; 2% risk of failure)
Press: ? - help, Shift-Dir - straight line, f/p - orc wizard
Aim: an orc wizard, wielding a +0 dagger and wearing a +0 robe (severely wounded, 74% to hit)
The blast of sand misses the orc wizard.
The orc priest calls upon Beogh to heal the orc wizard.
The orc wizard is healed somewhat.
The orc wizard barely misses you.
It was a potion of berserk rage.
A red film seems to cover your vision as you go berserk!
You feel yourself moving faster!
You feel mighty!
The orc priest calls upon Beogh to heal the orc wizard.
The orc wizard's wounds heal themselves!
The orc wizard hits you but does no damage.
You barely miss the orc wizard.
The orc priest mumbles some strange prayers to Beogh against you.
Beogh smites you!
You die...

#.............#.#.#.#.#####†.
#.................#.#<...#...
#......<......#.#........#..#
#.........#..........#####...
#.........##..#............##
#.........##..#......#######
.######..............#
##########.....#
#.o@........# #o#####.....#
#'# #.....# o.. #.....# l...#
####### .....# ...S..#
.....[.. .........


You could see an orc priest and an orc wizard.

Vanquished Creatures
  A jelly (D:4)
  2 adders
  2 worms
  2 ball pythons
  3 endoplasms (D:1)
  4 goblins
  3 hobgoblins
  7 jackals (D:4)
  4 kobolds
  A quokka (D:4)
  2 bats (D:1)
  A frilled lizard (D:2)
  A rat (D:3)
33 creatures vanquished.

Vanquished Creatures (others)
  2 fungi (D:1)
  A plant (D:1)
3 creatures vanquished.

Grand Total: 36 creatures vanquished

Notes
Turn   | Place    | Note
-------+----------+-------------------------------------------
     0 | D:1      | Karpo the Gargoyle Earth Elementalist began the quest for
                  | the Orb.
     0 | D:1      | Reached XP level 1. HP: 10/10 MP: 3/3
   679 | D:2      | Reached XP level 2. HP: 15/15 MP: 5/5
   715 | D:1      | Reached skill level 4 in Earth Magic
   903 | D:1      | Found a faded altar of an unknown god.
  1248 | D:4      | Reached XP level 3. HP: 19/19 MP: 2/7
  1388 | D:4      | Reached XP level 4. HP: 17/24 MP: 8/8
  1410 | D:4      | Learned a level 3 spell: Stone Arrow
  1534 | D:4      | Found a white marble altar of Elyvilon.
  1784 | D:5      | Entered Level 5 of the Dungeon
  1943 | D:4      | Found a stormy altar of Qazlal.
  1966 | D:4      | Reached skill level 5 in Earth Magic
  2230 | D:5      | Noticed an ogre
  2231 | D:5      | Noticed Duvessa
  2231 | D:5      | Noticed Dowan
  2271 | D:4      | Killed from afar by an orc priest

Illustrated notes

Levels and vault maps discovered:
D:1:      dpeg_arrival_concentric_ovals, layout_loops_corners,
          shapermc_ecumenical_altar_mp_ritualfount
D:2:      layout_basic, kennysheep_generic_room_2
D:3:      minmay_razor_zed, layout_loops_ring, minmay_goblin_kobold_house
D:4:      layout_basic, mainiacjoe_overflow_surrounded_room,
          mainiacjoe_overflow_chevrons
D:5:      kennysheep_windowed_halls, layout_basic, uniq_duvessa, uniq_sigmund,
          uniq_menkaure

Skill      XL: |  1  2  3  4 |
---------------+-------------+-----
Earth Magic    | 4 5 |  5.0
Spellcasting   | 3 |  3.2
Dodging        | |  1.5
Stealth        | |  2.1
Conjurations   | |  0.8
Transmutations | |  0.7

Action                   |  1- 3 |  4- 6 || total
-------------------------+-------+-------++-------
Melee: Dagger            |     3 |       ||     3
       Spear             |    60 |    70 ||   130
 Cast: Sandblast         |    10 |     7 ||    17
       Stone Arrow       |       |     1 ||     1
  Use: Potion            |       |     1 ||     1
 Stab: Sleeping          |       |     3 ||     3
Armor: Robe              |    25 |    36 ||    61
Dodge: Dodged            |    37 |    40 ||    77
